 Dungeon Crawl Stone Soup version 0.28.0-43-g3370ac3207 (webtiles) character file.

Game seed: 824344390572792853

1674 safid the Cleaver (level 9, 0/71 HPs)
             Began as a Hill Orc Fighter on Mar 15, 2022.
             Was an Initiate of Beogh.
             Slain by a gnoll sergeant
             ... wielding a +1 vorpal trident
              (1 damage)
             ... on level 7 of the Dungeon.
             The game lasted 00:09:50 (6761 turns).

safid the Cleaver (Hill Orc Fighter)                Turns: 6761, Time: 00:09:51

Health: 0/71       AC: 12    Str: 23    XL:     9   Next: 1%
Magic:  9/9        EV: 10    Int:  8    God:    Beogh [......]
Gold:   267        SH:  4    Dex: 10    Spells: 8/8 levels left

rFire   . . .      SeeInvis .   a - +0 war axe
rCold   . . .      Faith    .   c - +0 buckler
rNeg    . . .      Spirit   .   s - +2 ring mail {rPois}
rPois   +          Reflect  .   m - +1 helmet
rElec   .          Harm     .   u - +0 cloak
rCorr   +          Rampage  .   (no gloves)
Will    .....                   i - +0 pair of boots
Stlth   ..........              (no amulet)
HPRegen 0.21/turn               v - ring of resist corrosion
MPRegen 0.11/turn               (no ring)

@: no status effects
A: no striking features
a: Renounce Religion


You were on level 7 of the Dungeon.
You worshipped Beogh.
Beogh was noncommittal.
You visited 1 branch of the dungeon, and saw 7 of its levels.

You collected 267 gold pieces.

Inventory:

Hand Weapons
 a - a +0 war axe (weapon)
 E - the +3 dagger of Socsur {vorpal, Str+2}
   (You found it on level 7 of the Dungeon)

   It inflicts extra damage upon your enemies.
   Str:       It affects your strength (+2).
Missiles
 n - 5 curare-tipped darts (quivered)
 t - 2 poisoned darts
Armour
 c - a +0 buckler (worn)
 i - a +0 pair of boots (worn)
 m - a +1 helmet (worn)
 s - a +2 ring mail of poison resistance (worn)
 u - a +0 cloak (worn)
Jewellery
 v - a ring of resist corrosion (left hand)
 x - an amulet of faith
 H - a ring of see invisible
Wands
 y - a wand of iceblast (14)
Scrolls
 h - a scroll of blinking {unknown}
 k - a scroll of teleportation
 l - a scroll of vulnerability {unknown}
 o - a scroll of enchant weapon {unknown}
 p - a scroll of enchant armour {unknown}
 C - a scroll of holy word {unknown}
 D - a scroll of brand weapon {unknown}
 F - a scroll of identify
 G - a scroll of fear {unknown}
Potions
 b - a potion of ambrosia
 e - a potion of lignification {unknown}
 f - 2 potions of magic
 g - a potion of brilliance {unknown}
 j - 3 potions of resistance {unknown}
 q - 2 potions of curing {unknown}
 r - a potion of flight {unknown}
 w - 3 potions of haste {unknown}
 z - a potion of cancellation {unknown}
 A - a potion of invisibility {unknown}
 B - a potion of mutation {unknown}


   Skills:
 - Level 4.0 Fighting
 + Level 13.9 Axes
 - Level 4.0 Armour
 - Level 4.0 Shields


You had 8 spell levels left.
You didn't know any spells.
Your spell library contained the following spells:

 Spells                   Type           Power      Damage    Failure   Level
 Animate Skeleton         Necr           0%         N/A       65%         1
 Apportation              Tloc           0%         N/A       65%         1
 Sting                    Tmut/Pois      0%         1d3       65%         1
 Summon Small Mammal      Summ           0%         N/A       65%         1
 Poisonous Vapours        Pois/Air       0%         N/A       78%         2
 Olgreb's Toxic Radiance  Pois           0%         N/A       100%        4


Dungeon Overview and Level Annotations

Branches:
Dungeon (7/15)             Temple (0/1) D:5

Altars:
Cheibriados
Nemelex Xobeh
Sif Muna
Trog
Wu Jian


Message History

Unknown command.
You hit the orc warrior.
The orc warrior is lightly wounded.
The gnoll sergeant hits you from afar with a +1 vorpal trident!
The orc warrior barely misses you.
Unknown command.
You hit the orc warrior.
The orc warrior is moderately wounded.
The gnoll sergeant hits you from afar with a +1 vorpal trident.
The orc warrior hits you but does no damage.
Unknown command.
You hit the orc warrior.
The orc warrior is heavily wounded.
The gnoll sergeant hits you from afar with a +1 vorpal trident!
* * * LOW HITPOINT WARNING * * *
x2 The orc warrior hits you with a +0 long sword.
* * * LOW HITPOINT WARNING * * *
Unknown command.
As you read the scroll of teleportation, it crumbles to dust.
You feel strangely unstable. The orc warrior closely misses you.
Your surroundings suddenly seem different.
You see here a +0 shortbow.
You feel a little less mighty now.
A gnoll sergeant is nearby!
The gnoll sergeant shouts!
You hear a shout! x2
You hear the steady creaking of a distant portcullis.
A gnoll sergeant is nearby!
The gnoll sergeant hits you but does no damage.
You barely miss the gnoll sergeant. The gnoll sergeant misses you.
Unknown command.
You slash the gnoll sergeant!
The gnoll sergeant is moderately wounded.
The gnoll sergeant hits you with a +1 vorpal trident!
* * * LOW HITPOINT WARNING * * *
x2 Unknown command.
You hit the gnoll sergeant but do no damage.
The gnoll sergeant is moderately wounded.
The gnoll sergeant hits you with a +1 vorpal trident.
* * * LOW HITPOINT WARNING * * *
You die...

#.# #.....## #.#
#......# ## #.#
###......# ..# #.#
#...####.# . .l.♣♣.
♣♣♣.♣♣#.#####...####+#..
g8>'..
....g.)..#..............
s..♣♣.
#g................ ..#
#g##.......<...... ##
#@#########'##.##. #.#
#.# # #.# #.# #.# #.#
#.# ..# #.# ..# ..# ..#
.## .


You could see a gnoll sergeant and a gnoll.

Vanquished Creatures
  A wyvern (D:4)
  Menkaure (D:4)
  A water moccasin (D:7)
  An orc warrior (D:7)
  A necrophage (D:7)
  A centaur (D:7)
  A kobold brigand (D:7)
  A bullfrog (D:7)
  A scorpion (D:6)
  A water moccasin zombie (D:5)
  2 water moccasin skeletons (D:5)
  A wight (D:7)
  4 hounds
  A jelly (D:4)
  4 centaur skeletons
  A gnoll shaman (D:7)
  An iguana (D:4)
  Jessica (D:2)
  4 orc wizards
  Natasha (twice) (D:3)
  3 adders
  2 gnolls (D:7)
  An ufetubus (D:7)
  An adder skeleton (D:4)
  2 worms
  3 dart slugs
  12 orcs
  5 bats
  3 endoplasms
  A giant cockroach (D:3)
  7 goblins
  4 hobgoblins
  10 jackals
  6 quokkas
  8 ball pythons
  5 frilled lizards
  A jackal skeleton (D:4)
  6 kobolds
111 creatures vanquished.

Vanquished Creatures (others)
  A fungus (D:7)
  8 plants (D:7)
9 creatures vanquished.

Grand Total: 120 creatures vanquished

Notes
Turn   | Place    | Note
-------+----------+-------------------------------------------
     0 | D:1      | safid the Hill Orc Fighter began the quest for the Orb.
     0 | D:1      | Reached XP level 1. HP: 19/19 MP: 1/1
   282 | D:1      | Found a faded altar of an unknown god.
   291 | D:1      | Reached XP level 2. HP: 25/27 MP: 2/2
   332 | D:1      | Reached skill level 3 in Axes
   783 | D:1      | Reached XP level 3. HP: 32/33 MP: 3/3
  1222 | D:2      | You fall into a shaft and drop 1 floor!
  1495 | D:3      | Noticed Natasha
  1500 | D:3      | Killed Natasha
  1501 | D:3      | Reached skill level 4 in Axes
  1501 | D:3      | Reached XP level 4. HP: 37/40 MP: 4/4
  2145 | D:2      | Noticed Jessica
  2150 | D:2      | Killed Jessica
  2151 | D:2      | Reached skill level 5 in Axes
  2151 | D:2      | Reached XP level 5. HP: 46/46 MP: 5/5
  2956 | D:3      | Noticed Natasha
  2962 | D:3      | Killed Natasha
  3300 | D:4      | Found a sparkling altar of Nemelex Xobeh.
  3360 | D:4      | Reached skill level 6 in Axes
  3846 | D:4      | Found a snail-covered altar of Cheibriados.
  3854 | D:4      | Reached XP level 6. HP: 45/52 MP: 6/6
  3904 | D:4      | Noticed a wyvern
  3916 | D:4      | Killed a wyvern
  3917 | D:4      | Reached skill level 8 in Axes
  4191 | D:4      | Noticed Menkaure
  4196 | D:4      | Killed Menkaure
  4197 | D:4      | Reached skill level 9 in Axes
  4197 | D:4      | Reached XP level 7. HP: 34/59 MP: 7/7
  4506 | D:4      | Found an ornate altar of the Wu Jian Council.
  4721 | D:5      | Entered Level 5 of the Dungeon
  4951 | D:5      | Found a staircase to the Ecumenical Temple.
  5051 | D:5      | Reached skill level 10 in Axes
  5881 | D:6      | Became a worshipper of Beogh the Brigand
  5885 | D:6      | Found a bloodstained altar of Trog.
  5886 | D:6      | Reached skill level 11 in Axes
  5886 | D:6      | Reached XP level 8. HP: 66/66 MP: 8/8
  6310 | D:7      | Noticed a wyvern
  6335 | D:7      | Found a shimmering blue altar of Sif Muna.
  6386 | D:7      | Identified the +3 dagger of Socsur {vorpal, Str+2}
  6446 | D:7      | Reached skill level 12 in Axes
  6662 | D:7      | Reached skill level 13 in Axes
  6685 | D:7      | Reached XP level 9. HP: 55/71 MP: 9/9
  6761 | D:7      | HP: 1/71 [gnoll sergeant/+1 vorpal trident (3)]
  6761 | D:7      | Slain by a gnoll sergeant

Illustrated notes

Levels and vault maps discovered:
D:1:      roderic_chinese_lattice_arrival, layout_basic,
          chequers_ecumenical_altar_simple, grunt_decor_arrowhead
D:2:      layout_basic, grunt_ministairs_10, minivault_24, corexii_shack,
          uniq_jessica
D:3:      layout_basic, lemuel_another_geyser, uniq_natasha
D:4:      layout_cave_pods, nzn_wu_jian_contemplation,
          mainiacjoe_overflow_concentric_impassable, mainiacjoe_overflow_paths,
          uniq_menkaure
D:5:      layout_gridville, minmay_temple_entry_ruins, grunt_decor_junction
D:6:      layout_loops_ring, mainiacjoe_overflow_six_doors_small,
          supply_closet_lemuel
D:7:      nzn_winding_woodlands_stair_cross [nzn_winding_woodlands_5x15_eye,
          nzn_winding_woodlands_center_garden,
          nzn_winding_woodlands_5x15_sidewinder,
          nzn_winding_woodlands_5x5_closed_star,
          nzn_winding_woodlands_5x5_open_star, nzn_winding_woodlands_5x15_cabin,
          nzn_winding_woodlands_center_pierced_h,
          nzn_winding_woodlands_5x15_split_checker], layout_basic,
          grunt_temple_overflow_champion_of_chaos,
          mainiacjoe_overflow_tiny_flanked, dancing_weapons_uskayaw,
          serial_curves, eino_curves_01, eino_curves_01, enter_bailey_7,
          lemuel_flame_loot_1

Skill      XL: |  1  2  3  4  5  6  7  8 |
---------------+-------------------------+-----
Axes           | 3 4 5 6 9 11 13 | 13.9
Fighting       | 4 |  4.0
Armour         | 4 |  4.0
Shields        | 4 |  4.0

Action                   |  1- 3 |  4- 6 |  7- 9 || total
-------------------------+-------+-------+-------++-------
Melee: War axe           |   114 |    97 |   157 ||   368
Invok: Convert to Beogh  |       |       |     1 ||     1
  Use: Scroll            |       |       |     5 ||     5
       Potion            |       |       |     1 ||     1
Armor: Scale mail        |    71 |    24 |       ||    95
       Ring mail         |       |    14 |    80 ||    94
Dodge: Dodged            |    58 |    37 |    89 ||   184
Block: Buckler           |    30 |    23 |    22 ||    75
